 Dungeon Crawl Stone Soup version 0.24-a0-736-g4e6fe308c7 (webtiles) character file.

Game seed: 17313650298837179776, levelgen mode: deterministic

30 Kairok the Sneak (level 3, 0/18 HPs)
             Began as a Vine Stalker Assassin on Oct 2, 2019.
             Succumbed to an adder's poison
             ... on level 2 of the Dungeon.
             The game lasted 00:01:29 (1265 turns).

Kairok the Sneak (Vine Stalker Assassin)            Turns: 1265, Time: 00:01:30

Health: 0/18       AC:  6    Str: 13    XL:     3   Next: 18%
Magic:  0/4        EV: 10    Int: 15    God:
Gold:   52         SH:  0    Dex: 16    Spells: 2/2 levels left

rFire    . . .     SeeInvis .   a - +2 dagger
rCold    . . .     Gourm    .   (no shield)
rNeg     + . .     Faith    .   i - +0 ring mail
rPois    .         Spirit   +   (no helmet)
rElec    .         Reflect  .   c - +0 cloak
rCorr    .         Harm     .   (no gloves)
MR       .....                  (no boots)
Stlth    +++.......             (no amulet)
HPRegen  0.06/turn              g - ring of positive energy
MPRegen  0.09/turn              l - +4 ring of intelligence

@: lethally poisoned (0 -> -2)
A: fangs 2, magic shield, antimagic bite, no potion heal 3, rot immunity
a: no special abilities


You were on level 2 of the Dungeon.
You were very hungry.

You visited 1 branch of the dungeon, and saw 2 of its levels.

You collected 52 gold pieces.

Inventory:

Hand Weapons
 a - a +2 dagger (weapon)
Missiles
 d - 20 poisoned darts (quivered)
 e - 2 curare-tipped darts
Armour
 b - a +0 robe
 c - a +0 cloak (worn)
 i - a +0 ring mail (worn)
Jewellery
 g - a ring of positive energy (left hand)
 k - an uncursed ring of fire
 l - a +4 ring of intelligence (right hand)
Comestibles
 f - 3 rations


   Skills:
 + Level 2.0 Fighting
 + Level 1.9 Short Blades
 + Level 1.9 Throwing
 + Level 0.2 Armour
 + Level 1.0 Dodging
 + Level 5.6 Stealth


You had 2 spell levels left.
You didn't know any spells.
Your spell library was empty.

Dungeon Overview and Level Annotations

Branches:
Dungeon (2/15)

Altars:


Innate Abilities, Weirdness & Mutations

You have extremely sharp teeth.
When hurt, damage is shared between your health and your magic reserves.
Your bite disrupts and absorbs the magic of your enemies.
Potions cannot restore your health.
You are immune to rotting.


Message History

The bat hits you but does no damage.
You aren't carrying any potions.
You hit the bat. Your bite misses the bat.
The bat is heavily wounded.
The bat hits you but does no damage.
* * * LOW HITPOINT WARNING * * *
You feel sick. The bat hits you but does no damage. x2
You aren't carrying any scrolls.
Unknown command.
You aren't carrying any potions.
Unknown command.
The bat misses you. The bat barely misses you.
The bat hits you but does no damage.
You hit the goblin.
The goblin is moderately wounded.
The bat hits you but does no damage. The goblin hits you with a +0 club.
* * * LOW HITPOINT WARNING * * *
You barely miss the goblin. Your bite misses the goblin.
The goblin is moderately wounded.
You die...

########### #.........#
#.#######.########
#b#######.........
#.#....w....#####
#@#.#######.### #g#.#
#......#
#.###.#.####s##.#.#
#....†.......##.#.#
......#.#.#######.#.#
..###.#.#.#.....$...####
#...(.............b#
####..#.#####.####.#
#.....####.# #


You could see a goblin and a bat.

Vanquished Creatures
  An adder (D:2)
  2 dart slugs (D:2)
  3 giant cockroaches (D:1)
  2 hobgoblins (D:1)
  A bat (D:1)
  6 frilled lizards (D:1)
  2 kobolds (D:1)
  2 rats (D:1)
19 creatures vanquished.

Notes
Turn   | Place    | Note
-------+----------+-------------------------------------------
     0 | D:1      | Kairok the Vine Stalker Assassin began the quest for the
                  | Orb.
     0 | D:1      | Reached XP level 1. HP: 11/11 MP: 2/2
    81 | D:1      | Reached skill level 5 in Stealth
   573 | D:1      | Reached XP level 2. HP: 5/15 MP: 1/3
   923 | D:1      | Reached skill level 1 in Dodging
  1259 | D:2      | Reached XP level 3. HP: 3/18 MP: 0/4
  1265 | D:2      | Succumbed to an adder's poison

Levels and vault maps discovered:
D:1:      dpeg_arrival_snail, layout_basic, minmay_strange_pillars
D:2:      layout_loops_ring, lemuel_coloured_pillars_altar, first_ration,
          minmay_diced_spiral

Skill      XL: |  1  2 |
---------------+-------+-----
Stealth        | 5 |  5.6
Dodging        | 1 |  1.0
Fighting       | 2 |  2.0
Short Blades   | |  1.9
Throwing       | |  1.9
Armour         | |  0.2

Action                   || total
-------------------------++-------
Melee: Dagger            ||    64
       Bite              ||    20
Throw: Dart              ||     2
  Use: Scroll            ||     2
 Stab: Sleeping          ||     6
Armor: Ring mail         ||    55
       Robe              ||     1
Dodge: Dodged            ||    53

Table legend:
 A = Non-vault XP
 B = Vault XP
 C = Vault XP percentage of total XP
 D = Non-vault monster count
 E = Vault monster count
 F = Vault count percentage of total count
                 A         B        C        D         E       F
            +---------+---------+-------+---------+---------+-------
      Total |      43 |       0 |   0.0 |      19 |       0 |   0.0
            +---------+---------+-------+---------+---------+-------
        D:1 |      22 |       0 |   0.0 |      16 |       0 |   0.0
        D:2 |      21 |       0 |   0.0 |       3 |       0 |   0.0
            +---------+---------+-------+---------+---------+-------
